 Dungeon Crawl Stone Soup version 0.26.1-11-gd32895ea62 (webtiles) character file.

Game seed: 15682769320137465645

642 Zeld the Skirmisher (level 7, 0/60 HPs)
             Began as a Gnoll Abyssal Knight on May 25, 2021.
             Was a Believer of Lugonu.
             Slain by a centaur zombie (3 damage)
             ... on level 4 of the Dungeon.
             The game lasted 00:05:43 (7214 turns).

Zeld the Skirmisher (Gnoll Abyssal Knight)          Turns: 7214, Time: 00:05:44

Health: 0/60       AC:  5    Str: 16    XL:     7   Next: 51%
Magic:  9/11       EV: 14    Int: 15    God:    Lugonu [**....]
Gold:   205        SH:  0    Dex: 14    Spells: 11/11 levels left

rFire    . . .     SeeInvis .   a - +1 mace
rCold    . . .     Faith    .   (no shield)
rNeg     . . .     Spirit   .   j - +0 robe {Will+}
rPois    .         Reflect  .   i - +2 hat
rElec    .         Harm     .   k - scarf {repulsion}
rCorr    .         Rampage  .   (no gloves)
Will     +....                  f - +0 pair of boots
Stlth    ++........             (no amulet)
HPRegen  0.20/turn              (no ring)
MPRegen  0.12/turn              (no ring)

@: repel missiles
A: distributed training, fangs 1, strong nose
a: Renounce Religion, Depart the Abyss, Bend Space


You were on level 4 of the Dungeon.
You worshipped Lugonu.
Lugonu was pleased with you.
You visited 1 branch of the dungeon, and saw 4 of its levels.
You visited the Abyss 1 time.

You collected 205 gold pieces.

Inventory:

Hand Weapons
 a - a +1 mace (weapon)
Armour
 f - a +0 pair of boots (worn)
 i - a +2 hat (worn)
 j - a +0 robe of willpower (worn)
 k - a scarf of repulsion (worn)
Jewellery
 b - an uncursed ring of flight {unknown}
 d - an uncursed amulet of regeneration {unknown}
 e - a +4 ring of evasion {unknown}
 r - an uncursed ring of protection from cold {unknown}
 t - an uncursed ring of fire {unknown}
Scrolls
 l - 2 scrolls of identify {unknown}
 o - 2 scrolls of teleportation {unknown}
 s - a scroll of amnesia {unknown}
 u - a scroll of magic mapping {unknown}
 w - a scroll of enchant armour {unknown}
Potions
 c - 2 potions of mutation {unknown}
 g - 2 potions of haste
 h - 2 potions of flight {unknown}
 m - 2 potions of lignification {unknown}
 n - a potion of degeneration {unknown}
 p - a potion of curing {unknown}
 q - a potion of resistance {unknown}
 v - a potion of ambrosia {unknown}


   Skills:
 + Level 7.0 Fighting
 + Level 2.5 Short Blades
 + Level 2.5 Long Blades
 + Level 2.5 Axes
 + Level 5.2 Maces & Flails
 + Level 2.5 Polearms
 + Level 2.5 Staves
 + Level 2.5 Slings
 + Level 2.5 Bows
 + Level 2.5 Crossbows
 + Level 2.5 Throwing
 + Level 5.2 Armour
 + Level 3.6 Dodging
 + Level 2.5 Stealth
 + Level 2.5 Shields
 + Level 2.5 Unarmed Combat
 + Level 2.5 Spellcasting
 + Level 2.0 Conjurations
 + Level 2.0 Hexes
 + Level 2.0 Summonings
 + Level 2.0 Necromancy
 + Level 2.0 Translocations
 + Level 2.0 Transmutations
 + Level 2.0 Fire Magic
 + Level 2.0 Ice Magic
 + Level 2.0 Air Magic
 + Level 2.0 Earth Magic
 + Level 2.0 Poison Magic
 + Level 5.4 Invocations
 + Level 2.5 Evocations


You had 11 spell levels left.
You didn't know any spells.
Your spell library was empty.

Dungeon Overview and Level Annotations

Branches:
Dungeon (4/15)
 Temple: D:4-7

Altars:
Dithmenos
Gozag
Nemelex Xobeh
Vehumet


Innate Abilities, Weirdness & Mutations

Your experience applies equally to all skills.
You have very sharp teeth.
Your uncanny sense of smell can sniff out nearby items.


Message History

The centaur zombie is severely damaged.
The centaur zombie closely misses you. The centaur zombie hits you.
* * * LOW HITPOINT WARNING * * *
You hit the centaur zombie but do no damage.
You bite the centaur zombie, but do no damage.
The centaur zombie is severely damaged.
The centaur zombie hits you!
* * * LOW HITPOINT WARNING * * *
Space bends sharply around you!
The centaur zombie blinks!
You blink.
The centaur zombie hits you.
* * * LOW HITPOINT WARNING * * *
The centaur zombie hits you but does no damage.
The jackal zombie barely misses you. Space bends around you!
You blink.
A giant cockroach zombie comes into view.
The giant cockroach zombie moves out of view.
Found a scroll labelled ECO NEWOSO.
Space bends around you!
You blink.
The centaur zombie hits you.
You die...

... ##.#....##..# #..#
#..########.# #.## #.# #
#.. #.# #. #.# #.## #.# #.
#..# #.# ## #... #.## #.##
####@#### ####.## ..##Z#.#
##.....# ∆.. #.#Z#.#
##....... .. #####.##.#
#........ #####.##.##.##..#
#........ ...............#
#........
..........?...#####........
§§§§##...Z.....)...........
≈≈§§#........######.......


You could see a jackal zombie and a centaur zombie.

Vanquished Creatures
  A phantom (D:3)
  2 ogres (D:4)
  A centaur zombie (D:4)
  An orc priest (D:3)
  Jessica (D:3)
  Ijyb (D:2)
  Natasha (thrice) (D:2)
  2 orc wizards
  A howler monkey zombie (D:4)
  A worker ant zombie (D:4)
  4 adders
  A howler monkey skeleton (D:3)
  An ooze (D:2)
  2 adder zombies (D:4)
  3 dart slugs
  A leopard gecko (D:1)
  7 orcs
  3 giant cockroaches
  8 goblins
  4 hobgoblins
  3 jackals (D:3)
  9 kobolds
  2 quokkas
  2 ball pythons (D:3)
  6 bats
  2 frilled lizards
  A giant cockroach zombie (D:4)
  2 rats (D:3)
75 creatures vanquished.

Vanquished Creatures (others)
  A withered plant (D:4)
1 creature vanquished.

Grand Total: 76 creatures vanquished

Notes
Turn   | Place    | Note
-------+----------+-------------------------------------------
     0 | Abyss:1  | Zeld the Gnoll Abyssal Knight began the quest for the Orb.
     0 | Abyss:1  | Reached XP level 1. HP: 23/23 MP: 3/3
    60 | Abyss:1  | Noticed a neqoxec
    62 | Abyss:1  | Noticed an iron imp
    74 | Abyss:1  | Noticed a spatial maelstrom
    76 | Abyss:1  | Noticed a spatial vortex
    77 | D:1      | Escaped the Abyss
   146 | D:1      | Reached XP level 2. HP: 24/29 MP: 5/5
  1552 | D:2      | Found a faded altar of an unknown god.
  1563 | D:2      | Reached XP level 3. HP: 35/35 MP: 6/6
  1761 | D:2      | Found a shadowy altar of Dithmenos.
  2025 | D:2      | Found a radiant altar of Vehumet.
  2026 | D:2      | Found a sparkling altar of Nemelex Xobeh.
  2026 | D:2      | Found an opulent altar of Gozag.
  2086 | D:2      | Reached * piety under Lugonu
  2523 | D:3      | Reached skill level 1 in Short Blades
  2523 | D:3      | Reached skill level 1 in Long Blades
  2523 | D:3      | Reached skill level 1 in Axes
  2523 | D:3      | Reached skill level 1 in Polearms
  2523 | D:3      | Reached skill level 1 in Staves
  2523 | D:3      | Reached skill level 1 in Slings
  2523 | D:3      | Reached skill level 1 in Bows
  2523 | D:3      | Reached skill level 1 in Crossbows
  2523 | D:3      | Reached skill level 1 in Throwing
  2523 | D:3      | Reached skill level 1 in Stealth
  2523 | D:3      | Reached skill level 1 in Shields
  2523 | D:3      | Reached skill level 1 in Unarmed Combat
  2523 | D:3      | Reached skill level 1 in Spellcasting
  2523 | D:3      | Reached skill level 1 in Evocations
  2523 | D:3      | Reached XP level 4. HP: 37/41 MP: 7/7
  2539 | D:3      | Reached skill level 1 in Conjurations
  2539 | D:3      | Reached skill level 1 in Hexes
  2539 | D:3      | Reached skill level 1 in Summonings
  2539 | D:3      | Reached skill level 1 in Necromancy
  2539 | D:3      | Reached skill level 1 in Translocations
  2539 | D:3      | Reached skill level 1 in Transmutations
  2539 | D:3      | Reached skill level 1 in Fire Magic
  2539 | D:3      | Reached skill level 1 in Ice Magic
  2539 | D:3      | Reached skill level 1 in Air Magic
  2539 | D:3      | Reached skill level 1 in Earth Magic
  2539 | D:3      | Reached skill level 1 in Poison Magic
  2602 | D:3      | Noticed Ijyb
  2872 | D:1      | Reached XP level 5. HP: 26/47 MP: 8/8
  3138 | D:2      | Killed Ijyb
  3517 | D:3      | Noticed a phantom
  4942 | D:3      | Noticed Natasha
  4955 | D:2      | Killed Natasha
  4956 | D:2      | Reached skill level 5 in Invocations
  5468 | D:2      | Found a shadowy altar of Dithmenos.
  5582 | D:2      | Found an opulent altar of Gozag.
  5583 | D:2      | Found a sparkling altar of Nemelex Xobeh.
  5583 | D:2      | Found a radiant altar of Vehumet.
  5620 | D:2      | Noticed Natasha
  5622 | D:2      | Found a faded altar of an unknown god.
  5638 | D:2      | Killed Natasha
  5639 | D:2      | Reached XP level 6. HP: 27/53 MP: 9/9
  5776 | D:2      | Noticed Natasha
  5784 | D:2      | Killed Natasha
  6051 | D:3      | Noticed Jessica
  6059 | D:3      | Killed Jessica
  6060 | D:3      | Reached skill level 5 in Maces & Flails
  6060 | D:3      | Reached skill level 5 in Armour
  6198 | D:3      | Reached ** piety under Lugonu
  6333 | D:3      | Killed a phantom
  6894 | D:4      | Reached XP level 7. HP: 33/59 MP: 10/10
  7195 | D:4      | Reached skill level 7 in Fighting
  7214 | D:4      | Slain by a centaur zombie

Illustrated notes

Levels and vault maps discovered:
D:1:      elethiomel_arrival_infinity_welcomes_careful_drivers,
          layout_loops_corners, minmay_tetromino_i2
D:2:      layout_loops_ring, grunt_dithmenos_smoke,
          chequers_temple_overflow_statue_of_worship, serial_glass,
          glass_columns_a, glass_columns_a, chequers_ecumenical_altar_island
D:3:      layout_rooms, grunt_decor_junction, uniq_natasha, uniq_jessica,
          uniq_ijyb
D:4:      layout_rooms, cheibrodos_ashenzari_chains,
          nicolae_tso_besieged_by_evil, marbit_many_paths,
          minmay_temple_entry_antechambers, serial_undead, serial_undead_c,
          serial_undead_a, serial_undead_c, serial_undead_f, serial_undead_e,
          serial_undead_a

Skill      XL: |  1  2  3  4  5  6  7 |
---------------+----------------------+-----
Short Blades   | 1 2 |  2.5
Long Blades    | 1 2 |  2.5
Axes           | 1 2 |  2.5
Polearms       | 1 2 |  2.5
Staves         | 1 2 |  2.5
Slings         | 1 2 |  2.5
Bows           | 1 2 |  2.5
Crossbows      | 1 2 |  2.5
Throwing       | 1 2 |  2.5
Stealth        | 1 2 |  2.5
Shields        | 1 2 |  2.5
Unarmed Combat | 1 2 |  2.5
Spellcasting   | 1 2 |  2.5
Evocations     | 1 2 |  2.5
Conjurations   | 1 2 |  2.0
Hexes          | 1 2 |  2.0
Summonings     | 1 2 |  2.0
Necromancy     | 1 2 |  2.0
Translocations | 1 2 |  2.0
Transmutations | 1 2 |  2.0
Fire Magic     | 1 2 |  2.0
Ice Magic      | 1 2 |  2.0
Air Magic      | 1 2 |  2.0
Earth Magic    | 1 2 |  2.0
Poison Magic   | 1 2 |  2.0
Dodging        | 3 |  3.6
Invocations    | 5 |  5.4
Maces & Flails | 5 |  5.2
Armour         | 5 |  5.2
Fighting       | 7 |  7.0

Action                   |  1- 3 |  4- 6 |  7- 9 || total
-------------------------+-------+-------+-------++-------
Melee: Mace              |    98 |   236 |    52 ||   386
       Bite              |    11 |    28 |     6 ||    45
       Punch             |       |     3 |     1 ||     4
Invok: Depart the Abyss  |     1 |       |       ||     1
       Bend Space        |       |       |     3 ||     3
 Stab: Sleeping          |     1 |     3 |     1 ||     5
Armor: Leather armour    |    12 |       |       ||    12
       Robe              |    18 |    82 |    12 ||   112
Dodge: Dodged            |    68 |   183 |    60 ||   311
       Repelled          |     1 |       |       ||     1
